ITL
TOPEKA TORNADOS @ RICHMOND FLAIRS
08/17/2028
 
TOP OF THE 1ST
Topeka Tornados batting - Pitching for Richmond Flairs : RHP Jack Walker
Pitching: RHP Jack Walker
Batting: SHB Javier Peña 0-0: Ball
1-0: Called Strike
1-1: Ball
2-1: SOLO HOME RUN (Flyball, 9LD), Distance : 334 ft
Batting: SHB Wayne Matthews 0-0: Called Strike
0-1: Ball
1-1: Ball
2-1: Ground out 4-3 (Groundball, 4)
Batting: RHB Bob Hall 0-0: Called Strike
0-1: Fly out, F8 (Flyball, 8RM)
Batting: RHB Miguel García 0-0: Called Strike
0-1: Ball
1-1: Fly out, F8 (Flyball, 89D)
Top of the 1st over - 1 run(s), 1 hit(s), 0 error(s), 0 left on base; Topeka 1 - Richmond 0
BOTTOM OF THE 1ST
Richmond Flairs batting - Pitching for Topeka Tornados : LHP Tony Rivera
Pitching: LHP Tony Rivera
Batting: LHB Luis Villa 0-0: Ball
1-0: Ball
2-0: Ball
3-0: Called Strike
3-1: Foul Ball, location: 2F
3-2: SINGLE (Groundball, 6M) (infield hit)
Batting: RHB Rafael Carreón 0-0: Called Strike
0-1: Called Strike
0-2: Strikes out swinging
Batting: LHB Roland Jones 0-0: Called Strike
Throwing error on steal attempt, E2
Luis Villa to third
0-1: Foul Ball, location: 2F
0-2: Ball
1-2: Strikes out swinging
Batting: LHB Sean Nicks 0-0: Ground out 1-3 (Groundball, 13S)
Bottom of the 1st over - 0 run(s), 1 hit(s), 1 error(s), 1 left on base; Topeka 1 - Richmond 0
TOP OF THE 2ND
Topeka Tornados batting - Pitching for Richmond Flairs : RHP Jack Walker
Batting: RHB Ed Watkins 0-0: Called Strike
0-1: SINGLE (Line Drive, 3)
Batting: RHB Santiago Morales 0-0: Ball
Wild Pitch!
Ed Watkins to second
1-0: Ball
2-0: Swinging Strike
2-1: Ball
3-1: Base on Balls
Batting: RHB Dave Henderson 0-0: Ball
1-0: Grounds into double play, 6-4-3 (Groundball, 6)
Ed Watkins to third
Batting: RHB Desi Thompson 0-0: Ball
1-0: Ball
2-0: Ball
3-0: Called Strike
3-1: Called Strike
3-2: Strikes out swinging
Top of the 2nd over - 0 run(s), 1 hit(s), 0 error(s), 1 left on base; Topeka 1 - Richmond 0
BOTTOM OF THE 2ND
Richmond Flairs batting - Pitching for Topeka Tornados : LHP Tony Rivera
Batting: RHB Elliott Johnston 0-0: Ball
1-0: SOLO HOME RUN (Flyball, 89XD), Distance : 373 ft
Batting: RHB Freddy Padilla 0-0: Called Strike
0-1: Foul Ball, location: 2F
0-2: Strikes out swinging
Batting: RHB Gary Thomas 0-0: Called Strike
0-1: Ground out 4-3 (Groundball, 4)
Batting: RHB R.J. Crosby 0-0: Ball
1-0: Ground out 6-3 (Groundball, 56)
Bottom of the 2nd over - 1 run(s), 1 hit(s), 0 error(s), 0 left on base; Topeka 1 - Richmond 1
TOP OF THE 3RD
Topeka Tornados batting - Pitching for Richmond Flairs : RHP Jack Walker
Batting: RHB Dave Boom 0-0: SINGLE (Groundball, 6MD)
Batting: SHB Javier Peña 0-0: Ball
1-0: Foul Ball, location: 2F
1-1: Grounds into double play, 4-6-3 (Groundball, 4)
Batting: SHB Wayne Matthews 0-0: Ball
1-0: Foul Ball, location: 2F
1-1: Ground out U3 (Groundball, 34S)
Top of the 3rd over - 0 run(s), 1 hit(s), 0 error(s), 0 left on base; Topeka 1 - Richmond 1
BOTTOM OF THE 3RD
Richmond Flairs batting - Pitching for Topeka Tornados : LHP Tony Rivera
Batting: RHB Miguel Hernández 0-0: Fly out, F8 (Flyball, 89M)
Batting: LHB Luis Villa 0-0: Called Strike
0-1: Ball
1-1: Called Strike
1-2: Ball
2-2: Ball
3-2: Strikes out swinging
Batting: RHB Rafael Carreón 0-0: Ball
1-0: Foul Ball, location: 2F
1-1: Fly out, F9 (Flyball, 89M)
Bottom of the 3rd over - 0 run(s), 0 hit(s), 0 error(s), 0 left on base; Topeka 1 - Richmond 1
TOP OF THE 4TH
Topeka Tornados batting - Pitching for Richmond Flairs : RHP Jack Walker
Batting: RHB Bob Hall 0-0: Ball
1-0: Called Strike
1-1: Swinging Strike
1-2: Strikes out swinging
Batting: RHB Miguel García 0-0: Swinging Strike
0-1: Ground out 5-3 (Groundball, 56)
Batting: RHB Ed Watkins 0-0: Called Strike
0-1: Ball
1-1: Ground out 4-3 (Groundball, 4)
Top of the 4th over - 0 run(s), 0 hit(s), 0 error(s), 0 left on base; Topeka 1 - Richmond 1
BOTTOM OF THE 4TH
Richmond Flairs batting - Pitching for Topeka Tornados : LHP Tony Rivera
Batting: LHB Roland Jones 0-0: Ball
1-0: Ball
2-0: SINGLE (Line Drive, 6M)
Batting: LHB Sean Nicks 0-0: Ball
1-0: Ball
Passed Ball!
Roland Jones to second
2-0: Ball
3-0: Called Strike
3-1: Base on Balls
Batting: RHB Elliott Johnston 0-0: Called Strike
0-1: Ball
Wild Pitch!
Roland Jones to third
Sean Nicks to second
1-1: Ball
2-1: SINGLE (Line Drive, 34D)
Roland Jones scores
Sean Nicks to third
Batting: RHB Freddy Padilla 0-0: Ball
1-0: Called Strike
1-1: Swinging Strike
1-2: Foul Ball, location: 2F
1-2: Strikes out swinging
Batting: RHB Gary Thomas 0-0: Swinging Strike
0-1: Grounds into double play, 5-4-3 (Groundball, 5L)
Bottom of the 4th over - 1 run(s), 2 hit(s), 0 error(s), 1 left on base; Topeka 1 - Richmond 2
TOP OF THE 5TH
Topeka Tornados batting - Pitching for Richmond Flairs : RHP Jack Walker
Batting: RHB Santiago Morales 0-0: Ball
1-0: Ball
2-0: Ball
3-0: Called Strike
3-1: Foul Ball, location: 2F
3-2: SINGLE (Groundball, 34D)
Batting: RHB Dave Henderson 0-0: Grounds into double play, 6-4-3 (Groundball, 6M)
Batting: RHB Desi Thompson 0-0: Called Strike
0-1: Foul Ball, location: 2F
0-2: Foul Ball, location: 2F
0-2: Ball
1-2: Ball
2-2: Foul Ball, location: 2F
2-2: Foul Ball, location: 2F
2-2: Strikes out swinging
Top of the 5th over - 0 run(s), 1 hit(s), 0 error(s), 0 left on base; Topeka 1 - Richmond 2
BOTTOM OF THE 5TH
Richmond Flairs batting - Pitching for Topeka Tornados : LHP Tony Rivera
Batting: RHB R.J. Crosby 0-0: SINGLE (Flyball, 9LS)
Batting: RHB Miguel Hernández 0-0: Foul Ball, location: 2F
0-1: Swinging Strike
0-2: Ball
1-2: Foul Ball, location: 2F
1-2: Ball
2-2: Strikes out swinging
Batting: LHB Luis Villa 0-0: Called Strike
0-1: Swinging Strike
0-2: Foul Ball, location: 2F
0-2: Ball
1-2: Ball
2-2: Ball
3-2: Foul Ball, location: 2F
3-2: Foul Ball, location: 2F
3-2: Fly out, F7 (Flyball, 7LMF)
Batting: RHB Rafael Carreón 0-0: Foul Ball, location: 2F
0-1: Fielders Choice at 2nd, 6-4 (Groundball, 56)
Bottom of the 5th over - 0 run(s), 1 hit(s), 0 error(s), 0 left on base; Topeka 1 - Richmond 2
TOP OF THE 6TH
Topeka Tornados batting - Pitching for Richmond Flairs : RHP Jack Walker
Batting: RHB Dave Boom 0-0: Called Strike
0-1: Ball
1-1: Foul Ball, location: 2F
1-2: Strikes out swinging
Batting: SHB Javier Peña 0-0: Ball
1-0: DOUBLE (Line Drive, 7D)
Batting: SHB Wayne Matthews 0-0: Foul Ball, location: 2F
0-1: Foul Ball, location: 2F
0-2: Strikes out swinging
Batting: RHB Bob Hall 0-0: Ball
1-0: Called Strike
1-1: Fly out, F5 (Line Drive, 5)
Top of the 6th over - 0 run(s), 1 hit(s), 0 error(s), 1 left on base; Topeka 1 - Richmond 2
BOTTOM OF THE 6TH
Richmond Flairs batting - Pitching for Topeka Tornados : LHP Tony Rivera
Batting: LHB Roland Jones 0-0: Called Strike
0-1: Foul Ball, location: 2F
0-2: DOUBLE (Flyball, 8LD)
Batting: LHB Sean Nicks 0-0: Fly out, F9 (Flyball, 9)
Batting: RHB Elliott Johnston 0-0: Foul Ball, location: 2F
0-1: Foul Ball, location: 2F
0-2: Foul Ball, location: 2F
0-2: Ball
1-2: Ground out 4-3 (Groundball, 4)
Roland Jones to third
Batting: RHB Freddy Padilla 0-0: Foul Ball, location: 2F
0-1: Hit by Pitch
Batting: RHB Gary Thomas 0-0: Ball
1-0: Fly out, F7 (Flyball, 7LM)
Bottom of the 6th over - 0 run(s), 1 hit(s), 0 error(s), 2 left on base; Topeka 1 - Richmond 2
TOP OF THE 7TH
Topeka Tornados batting - Pitching for Richmond Flairs : RHP Jack Walker
Batting: RHB Miguel García 0-0: Swinging Strike
0-1: Ball
1-1: Called Strike
1-2: Foul Ball, location: 2F
1-2: Ground out 5-3 (Groundball, 56)
Batting: RHB Ed Watkins 0-0: Ball
1-0: Called Strike
1-1: Swinging Strike
1-2: Foul Ball, location: 2F
1-2: Ball
2-2: SINGLE (Line Drive, 78S)
Batting: RHB Santiago Morales 0-0: Ball
1-0: Called Strike
1-1: Called Strike
1-2: Ball
Ed Watkins is caught stealing 2nd base
2-2: Ball
3-2: Ground out 5-3 (Groundball, 56S)
Top of the 7th over - 0 run(s), 1 hit(s), 0 error(s), 0 left on base; Topeka 1 - Richmond 2
BOTTOM OF THE 7TH
Richmond Flairs batting - Pitching for Topeka Tornados : LHP Tony Rivera
Batting: RHB R.J. Crosby 0-0: Ball
1-0: Ground out 5-3 (Groundball, 56)
Batting: RHB Miguel Hernández 0-0: Ball
1-0: Ball
2-0: Swinging Strike
2-1: Ball
3-1: Foul Ball, location: 2F
3-2: Foul Ball, location: 2F
3-2: Base on Balls
Pinch Hitting: RHB Lonson Seals 0-0: Ball
1-0: Ground out 5-3 (Groundball, 56S)
Miguel Hernández to second
Batting: RHB Rafael Carreón 0-0: Ball
1-0: Foul Ball, location: 2F
1-1: Fly out, F8 (Flyball, 8RD)
Bottom of the 7th over - 0 run(s), 0 hit(s), 0 error(s), 1 left on base; Topeka 1 - Richmond 2
TOP OF THE 8TH
Topeka Tornados batting - Pitching for Richmond Flairs : RHP Jack Walker
Now in CF: R.J. Courtney
Batting: RHB Dave Henderson 0-0: Ball
1-0: Called Strike
1-1: Ball
2-1: Foul Ball, location: 2F
2-2: Strikes out swinging
Batting: RHB Desi Thompson 0-0: Called Strike
0-1: Swinging Strike
0-2: Strikes out swinging
Batting: RHB Dave Boom 0-0: Ball
1-0: DOUBLE (Groundball, 5L)
Batting: SHB Javier Peña 0-0: Called Strike
0-1: Ball
1-1: Ball
2-1: Foul Ball, location: 2F
2-2: Strikes out swinging, 2-3 out at first.
Top of the 8th over - 0 run(s), 1 hit(s), 0 error(s), 1 left on base; Topeka 1 - Richmond 2
BOTTOM OF THE 8TH
Richmond Flairs batting - Pitching for Topeka Tornados : LHP Tony Rivera
Pitching: RHP Gerald Hood
Batting: LHB Roland Jones 0-0: Fly out, F9 (Flyball, 9LM)
Batting: LHB Sean Nicks 0-0: Ball
1-0: Ball
2-0: Ground out U3 (Groundball, 3L)
Batting: RHB Elliott Johnston 0-0: Ball
1-0: Fly out, F8 (Flyball, 89D)
Bottom of the 8th over - 0 run(s), 0 hit(s), 0 error(s), 0 left on base; Topeka 1 - Richmond 2
TOP OF THE 9TH
Topeka Tornados batting - Pitching for Richmond Flairs : RHP Jack Walker
Pitching: LHP Enrico Lozano
Now at 1B: Liangde Que
Pinch Hitting: RHB James Stevens 0-0: Called Strike
0-1: Ball
1-1: Foul Ball, location: 2F
1-2: Strikes out swinging
Batting: RHB Bob Hall 0-0: Ball
1-0: Ball
2-0: Called Strike
2-1: Ball
3-1: Foul Ball, location: 2F
3-2: SINGLE (Line Drive, 34D)
Pinch Hitting: RHB Rusty Bennett 0-0: Ball
1-0: SINGLE (Groundball, 4D)
Bob Hall to second
Runner from 2nd tries for 3rd, SAFE, throw made to third
Batting: RHB Ed Watkins 0-0: Called Strike
0-1: Fly out, F8 (Flyball, 78D)
Runner from 3rd tags up, SCORES, no throw
Batting: RHB Santiago Morales 0-0: Ball
1-0: SINGLE (Line Drive, 6MD)
Rusty Bennett to second
Batting: RHB Dave Henderson 0-0: Ball
1-0: Foul Ball, location: 2F
1-1: Fielders Choice at 2nd, 4-6 (Groundball, 4)
Top of the 9th over - 1 run(s), 3 hit(s), 0 error(s), 1 left on base; Topeka 2 - Richmond 2
BOTTOM OF THE 9TH
Richmond Flairs batting - Pitching for Topeka Tornados : RHP Gerald Hood
Pitching: RHP Masamichi Samurakami
Now at C: Javier Sánchez
Now at 3B: James Stevens
Pinch Hitting: SHB António Enríquez 0-0: Ball
1-0: Ball
2-0: Fly out, F7 (Flyball, 7)
Pinch Hitting: RHB Mario López 0-0: Ball
1-0: Foul Ball, location: 2F
1-1: Called Strike
1-2: Ball
2-2: Fly out, F8 (Flyball, 8RS)
Batting: RHB R.J. Crosby 0-0: SINGLE (Groundball, 6MD)
Batting: RHB Miguel Hernández 0-0: Ball
1-0: Foul Ball, location: 2F
1-1: SINGLE (Line Drive, 4)
R.J. Crosby to second
Pinch Runner at 2nd Henry Foll:
Batting: LHB R.J. Courtney 0-0: Ball
1-0: Called Strike
1-1: Foul Ball, location: 2F
1-2: Foul Ball, location: 2F
1-2: Foul Ball, location: 2F
1-2: Strikes out swinging
Bottom of the 9th over - 0 run(s), 2 hit(s), 0 error(s), 2 left on base; Topeka 2 - Richmond 2
TOP OF THE 10TH
Topeka Tornados batting - Pitching for Richmond Flairs : RHP Frank Martin
Pitching: RHP Frank Martin
Now at 1B: António Enríquez
Now at 2B: Mario López
Now in RF: Adrián Miranda
Pinch Hitting: LHB Edward Rose 0-0: Called Strike
0-1: Ball
1-1: Foul Ball, location: 2F
1-2: SINGLE (Line Drive, 34)
Pinch Hitting: LHB Alfredo Sánchez 0-0: Foul Ball, location: 2F
0-1: Ball
1-1: Swinging Strike
1-2: Grounds into double play, 6-4-3 (Groundball, 6)
Batting: SHB Javier Peña 0-0: Called Strike
0-1: Ball
1-1: Called Strike
1-2: Ball
2-2: Strikes out looking
Top of the 10th over - 0 run(s), 1 hit(s), 0 error(s), 0 left on base; Topeka 2 - Richmond 2
BOTTOM OF THE 10TH
Richmond Flairs batting - Pitching for Topeka Tornados : RHP Masamichi Samurakami
Now at 2B: Ramón Pérez
Now in RF: Bill Frazier
Batting: RHB Rafael Carreón 0-0: Called Strike
0-1: Ball
1-1: Ground out 1-3 (Groundball, 13)
Batting: LHB Roland Jones 0-0: Ball
1-0: SOLO HOME RUN (Flyball, 78XD), Distance : 378 ft
Tuesday, August 8th, 2017 - OOTP Baseball 17.12 Build 75